 Dungeon Crawl Stone Soup version 0.30-a0-1075-gcd70e7a56d (webtiles) character file.

Game seed: 15608546982199682449

785730 Reshi88 the Intangible (level 27, -2/195 HPs)
             Began as a Spriggan Hunter on Apr 14, 2023.
             Was the Champion of the Shining One.
             Slain by a doom hound (4 damage)
             ... on level 2 of Tartarus.
             The game lasted 05:12:01 (114079 turns).

Reshi88 the Intangible (Spriggan Hunter)          Turns: 114079, Time: 05:12:02

Health: -2/195     AC: 20    Str:  5 (7)  XL:     27
Magic:  27/33      EV: 51    Int: 18      God:    the Shining One [******]
Gold:   5476       SH:  0    Dex: 34 (38) Spells: 1/26 levels left

rFire   + + .      SeeInvis +    z - +9 arbalest (holy)
rCold   + . .      Faith    .    (shield currently unavailable)
rNeg    + + +      Spirit   .    Z - +4 faerie dragon scales {rCorr Int+2}
rPois   +          Reflect  .    s - +3 crown of Dyrovepreva {rElec Int+2 SInv}
rElec   +          Rampage  .    x - +2 cloak {rC+}
rCorr   +                        (gloves unavailable)
Will    ++...                    (boots unavailable)
Stlth   +++                      M - amulet of regeneration
HPRegen 1.32/turn                a - ring "Ruin" {Fire Will+ rCorr Int+2 Dex+4}
MPRegen 0.23/turn                K - ring of Devotion {rElec Dex+3 Slay+4}

@: lethally poisoned (-2 -> -35), resistant, marked, on blink cooldown, slowed,
studying 2 skills, weak-willed, quick
A: very small, no large weapons, unfitting armour, see invisible, speed 3,
antennae 1, low MP 1, strong-willed 1, robust 2, subdued magic 1
}: 6/15 runes: serpentine, barnacled, slimy, silver, obsidian, icy
a: Renounce Religion, Divine Shield, Cleansing Flame, Summon Divine Warrior


You were on level 2 of Tartarus.
You worshipped the Shining One.
The Shining One was exalted by your worship.
You visited 17 branches of the dungeon, and saw 68 of its levels.
You visited the Abyss 1 time.
You visited 1 bazaar.
You also visited: Sewer, Bailey, Ice Cave and Volcano.

You collected 11951 gold pieces.
You spent 6475 gold pieces at shops.

Inventory:

Hand Weapons
 c - the +8 shortbow "Zapuir" {freeze, rF++ rC+ rN+++ Int-4}
   (You acquired it on level 7 of the Dungeon)

   Int:       It affects your intelligence (-4).
   rF:        It greatly protects you from fire.
   rC:        It protects you from cold.
   rN:        It renders you almost immune to negative energy.
 f - the +10 arbalest of Ewnar {speed, rF+ MP-9 Str+4 Dex+4}
   (You bought it in a shop in a bazaar)

   Str:       It affects your strength (+4).
   Dex:       It affects your dexterity (+4).
   rF:        It protects you from fire.
   MP:        It affects your magic capacity (-9).
 z - a +9 arbalest of holy wrath (weapon)
 N - the +8 autumn katana {manifold assault}
   (You found it on level 7 of Cocytus)
Missiles
 E - 2 throwing nets
Armour
 m - a +3 troll leather armour
 p - +1 gold dragon scales
 s - the +3 crown of Dyrovepreva (worn) {rElec Int+2 SInv}
   (You acquired it on level 9 of the Dungeon)

   Int:       It affects your intelligence (+2).
   rElec:     It insulates you from electricity.
   SInv:      It lets you see invisible.
 x - a +2 cloak of cold resistance (worn)
 Z - the +4 faerie dragon scales (worn) {rCorr Int+2}
   (You took it off the Enchantress on level 3 of the Depths)

   Int:       It affects your intelligence (+2).
   rCorr:     It protects you from acid and corrosion.
Jewellery
 a - the ring "Ruin" (left hand) {Fire Will+ rCorr Int+2 Dex+4}
   (You found it on level 7 of Cocytus)

   [ring of fire]

   It enhances your fire magic.
   Int:       It affects your intelligence (+2).
   Dex:       It affects your dexterity (+4).
   rF:        It protects you from fire.
   rC:        It makes you vulnerable to cold.
   rCorr:     It protects you from acid and corrosion.
   Will:      It increases your willpower.
 r - an amulet of reflection
 K - the ring of Devotion (right hand) {rElec Dex+3 Slay+4}
   (You found it on level 1 of the Shoals)

   [ring of slaying]

   Dex:       It affects your dexterity (+3).
   Slay:      It affects your accuracy & damage with ranged weapons and melee
   (+4).
   rElec:     It insulates you from electricity.
 M - an amulet of regeneration (around neck)
 Q - the ring of Wenal {Fly rF+ Will- MP+9}
   (You found it on level 5 of the Pits of Slime)

   [ring of flight]

   rF:        It protects you from fire.
   MP:        It affects your magic capacity (+9).
   Fly:       It grants you flight.
   Will:      It decreases your willpower.
 R - the ring of Coronation {rElec rCorr AC+4}
   (You took it off a deep elf high priest on level 3 of the Elven Halls)

   [ring of protection]

   AC:        It affects your AC (+4).
   rElec:     It insulates you from electricity.
   rCorr:     It protects you from acid and corrosion.
Wands
 t - a wand of mindburst (43)
 D - a wand of flame (76)
 F - a wand of polymorph (34)
 G - a wand of digging (26)
 J - a wand of roots (64)
 P - a wand of paralysis (49)
Scrolls
 e - 2 scrolls of amnesia
 g - 12 scrolls of teleportation
 h - a scroll of magic mapping
 j - 4 scrolls of poison
 n - 9 scrolls of fear
 o - a scroll of silence
 y - 10 scrolls of fog
 B - a scroll of summoning
Potions
 i - 4 potions of cancellation
 k - 3 potions of resistance
 u - 9 potions of brilliance
 w - 15 potions of mutation
 A - 2 potions of berserk rage
 C - 6 potions of magic
 O - 13 potions of flight
 Y - 2 potions of might
Miscellaneous
 H - a phial of floods
 I - a piece from Xom's chessboard (15/15)
 L - a condenser vane
 T - a box of beasts


   Skills:
 - Level 22.4 Fighting
 + Level 4.4 Long Blades
 - Level 23.8 Ranged Weapons
 - Level 13.6 Armour
 O Level 27 Dodging
 - Level 1.5 Stealth
 - Level 9.8 Hexes
 - Level 10.2 Translocations
 - Level 6.4 Transmutations
 - Level 8.4 Fire Magic
 - Level 10.5 Poison Magic
 - Level 18.4 Invocations
 - Level 26.7 Evocations


You had one spell level left.
You knew the following spells:

 Your Spells              Type           Power      Damage    Failure   Level
a - Blink                 Tloc           56%        N/A       1%          2
b - Inner Flame           Hex/Fire       37%        N/A       1%          3
c - Cause Fear            Hex            13%        N/A       5%          4
d - Confusing Touch       Hex            27%        N/A       1%          3
e - Slow                  Hex            100%       N/A       1%          1
f - Sting                 Tmut/Pois      92%        1d7       1%          1
g - Olgreb's Toxic Radia  Pois           29%        N/A       3%          4
h - Ignite Poison         Fire/Tmut/Pois 35%        N/A       2%          3
i - Passage of Golubria   Tloc           28%        N/A       4%          4

Your spell library contained the following spells:

 Spells                   Type           Power      Damage    Failure   Level
 Beastly Appendage        Tmut           34%        N/A       1%          1
 Foxfire                  Conj/Fire      68%        2x1d7     5%          1
 Freeze                   Ice            0%         1d3       32%         1
 Kiss of Death            Conj/Necr      0%         2d5       32%         1
 Magic Dart               Conj           0%         1d3       32%         1
 Sandblast                Erth           0%         2d4       32%         1
 Shock                    Conj/Air       0%         1d3       32%         1
 Summon Small Mammal      Summ           0%         N/A       32%         1
 Lesser Beckoning         Tloc           56%        N/A       1%          2
 Scorch                   Fire           68%        2d7       1%          2
 Teleport Other           Tloc           28%        N/A       1%          3
 Volatile Blastmotes      Fire/Tloc      76%        2d16      1%          3
 Spider Form              Tmut/Pois      23%        N/A       2%          3
 Wereblood                Tmut           17%        N/A       3%          2
 Manifold Assault         Tloc           28%        N/A       4%          4
 Momentum Strike          Conj/Tloc      28%        3d8       5%          2
 Poisonous Vapours        Pois/Air       28%        N/A       5%          2
 Ensorcelled Hibernation  Hex/Ice        26%        N/A       6%          2
 Cigotuvi's Dreadful Rot  Necr/Pois/Air  18%        N/A       12%         2
 Vhi's Electric Charge    Tloc/Air       28%        N/A       12%         3
 Passwall                 Tmut/Erth      6%         N/A       13%         2
 Dazzling Flash           Conj/Hex       26%        N/A       13%         3
 Summon Guardian Golem    Hex/Summ       13%        N/A       13%         3
 Mephitic Cloud           Conj/Pois/Air  9%         N/A       22%         3
 Alistair's Intoxication  Tmut/Pois      15%        N/A       28%         5
 Yara's Violent Unravell  Hex/Tmut       11%        3d6       32%         5
 Iskenderun's Mystic Bla  Conj/Tloc      14%        2d5       38%         4
 Anguish                  Hex/Necr       6%         N/A       41%         4
 Fulminant Prism          Conj/Hex       6%         3d7       41%         4
 Leda's Liquefaction      Hex/Erth       6%         N/A       41%         4
 Call Imp                 Summ           0%         N/A       45%         2
 Searing Ray              Conj           0%         2d4       45%         2
 Static Discharge         Conj/Air       0%         2-2/arc   45%         2
 Flame Wave               Conj/Fire      17%        2d7       52%         4
 Sticky Flame             Conj/Fire      17%        2d4       52%         4
 Blade Hands              Tmut           8%         N/A       54%         5
 Dispersal                Tloc           14%        N/A       61%         6
 Ice Form                 Ice/Tmut       8%         N/A       67%         4
 Call Canine Familiar     Summ           0%         N/A       71%         3
 Frozen Ramparts          Ice            0%         1d1       71%         3
 Hailstorm                Conj/Ice       0%         3d3       71%         3
 Stone Arrow              Conj/Erth      0%         3d7       71%         3
 Swiftness                Air            0%         N/A       71%         3
 Vampiric Draining        Necr           0%         2d6       71%         3
 Summon Forest            Summ/Tloc      7%         N/A       75%         5
 Summon Mana Viper        Hex/Summ       13%        N/A       77%         5
 Eringya's Noxious Bog    Tmut/Pois      11%        N/A       85%         6
 Fireball                 Conj/Fire      8%         3d6       86%         5
 Airstrike                Air            0%         2d(0-16)  98%         4
 Animate Armour           Summ/Erth      0%         N/A       98%         4
 Dispel Undead            Necr           0%         3d6       98%         4
 Summon Ice Beast         Ice/Summ       0%         N/A       98%         4
 Summon Lightning Spire   Summ/Air       0%         N/A       98%         4
 Agony                    Necr           0%         N/A       100%        5
 Arcjolt                  Conj/Air       0%         1d10      100%        5
 Borgnjor's Vile Clutch   Necr/Erth      0%         N/A       100%        5
 Freezing Cloud           Conj/Ice/Air   0%         6-21      100%        5
 Iskenderun's Battlesphe  Conj           0%         2d6       100%        5
 Lee's Rapid Deconstruct  Erth           0%         3d4*      100%        5
 Conjure Ball Lightning   Conj/Air       0%         3x3d6     100%        6
 Iron Shot                Conj/Erth      0%         9d1       100%        6
 Plasma Beam              Fire/Air       8%         2x1d21    100%        6
 Simulacrum               Ice/Necr       0%         N/A       100%        6
 Starburst                Conj/Fire      8%         6d4       100%        6
 Statue Form              Tmut/Erth      5%         N/A       100%        6
 Summon Cactus Giant      Summ           0%         N/A       100%        6
 Dragon Form              Tmut           8%         N/A       100%        7
 Ozocubu's Refrigeration  Ice            0%         4d7       100%        7
 Storm Form               Tmut/Air       4%         N/A       100%        7
 Summon Hydra             Summ           0%         N/A       100%        7
 Disjunction              Tloc           14%        N/A       100%        8
 Ignition                 Fire           17%        3d7       100%        8
 Maxwell's Capacitive Co  Air            0%         ∞         100%        8
 Dragon's Call            Summ           0%         N/A       100%        9
 Polar Vortex             Ice            0%         N/A       100%        9


Dungeon Overview and Level Annotations

Branches:
Dungeon (15/15)            Temple (1/1) D:7            Lair (5/5) D:8
 Shoals (4/4) Lair:3        Snake (4/4) Lair:3        Slime (5/5) Lair:5
    Orc (2/2) D:11            Elf (3/3) Orc:2        Vaults (5/5) D:14
  Crypt (3/3) Vaults:2       Tomb (1/3) Crypt:3      Depths (4/4) D:15
   Hell (visited)             Dis (1/7) Hell            Geh (7/7) Hell
    Coc (7/7) Hell            Tar (2/7) Hell            Zot (0/5) Depths:4
  Sewer (visited)          Bailey (visited)           IceCv (visited)
Volcano (visited)

Altars:
Ashenzari
Cheibriados
Dithmenos
Elyvilon
Fedhas
Gozag
Hepliaklqana
Kikubaaqudgha
Makhleb
Nemelex Xobeh
Okawaru
Qazlal
Ru
Sif Muna
Trog
Uskayaw
Vehumet
Wu Jian
Xom
Yredelemnul
Zin
The Shining One
Jiyva

Shops:
D:3 [   D:4 !=   D:7 !   D:8 *   D:13 ??*=   Orc:2 =!!*   Vaults:2 ?((
Vaults:4 (   Vaults:5 [   Depths:4 [:([

Portals:
Hell: Depths:1 Depths:2 Depths:3 Depths:4
Abyss: Depths:3
Pandemonium: Depths:2 Depths:3
Ziggurat: Depths:4
Trove: Elf:1 (give +2 gold dragon scales)

Annotations:
D:7 3 runed translucent doors, Arzdou's ghost, novice HOFi
Lair:3 3 runed translucent doors, P0068685's ghost, journeyman MiBe
Depths:2 1 transporter


Innate Abilities, Weirdness & Mutations

You are very small and have problems with some larger weapons.
You are too small for most types of armour.
You have supernaturally acute eyesight. (SInv)
You cover ground extremely quickly. (Speed+++)
You have a pair of small antennae on your head.
Your magical capacity is low. (-10% MP)
You are strong-willed. (Will+)
You are very robust. (+20% HP)
Your spells are a little easier to cast, but a little less powerful.


Message History

The profane servitor completely misses you.
A tainted leviathan comes into view.
The putrid mouth completely misses you. x2
The profane servitor completely misses you.
The profane servitor closely misses you.
A tormentor comes into view.
The doom hound moves out of view.
Okay, then.
Casting: Olgreb's Toxic Radiance (mildly dangerous; 3% risk of failure)
Confirm with . or Enter, or press ? or * to list all spells.
You blink.
A spectral centaur warrior, a tormentor and a doom hound come into view.
Found a stone staircase leading down.
You feel extremely sick.
The hellion pulls the alarm!
The alarm trap emits a blaring wail!
The mark upon you grows brighter. The putrid mouth throws miasma at you.
The foul vapour engulfs the tormentor.
The tormentor completely resists.
The putrid mouth bites you!!
* * * LOW HITPOINT WARNING * * *
You are lethally poisoned!
The putrid mouth poisons you! The putrid mouth completely misses you.
The tormentor calls on the powers of darkness!
Your body is wracked with pain!
* * * LOW HITPOINT WARNING * * *
The tormentor moves out of view.
* * * LOW HITPOINT WARNING * * *
You feel extremely sick.
The putrid mouth completely misses you. x2
The tainted leviathan attempts to bespell you!
You resist with almost no effort.
There is an open door here.
Okay, then.
You feel protected.
* * * LOW HITPOINT WARNING * * *
You feel extremely sick.
The putrid mouth howls a warning cry!
The doom hound barely misses you. The doom hound claws you.
You die...

### ### #.#####.# .
##..∩##.## ...##
#.......#
......###@#########
......'..hW2'.....'
#...#+#..Ah.#.....#
. +....#Z## ##...
#....#WZ .
#..###2Z2 #.. ○Z○°.
#.. ○☼.... #+#
.°°°>...


You could see a profane servitor, 2 doom hounds, 2 putrid mouths, a spectral
spriggan defender, 2 spectral centaur warriors, a spectral stone giant, a
hellion and 2 tormentors.

Vanquished Creatures
  Antaeus (Coc:7)
  Asmodeus (Geh:7)
  the Royal Jelly (Slime:5)
  2 dread liches
  2 ancient liches
  A juggernaut (Depths:3)
  Boris (Tomb:1)
  8 shard shrikes
  Vv (Depths:2)
  Vashnia (Snake:2)
  Frederick (Vaults:3)
  Saint Roka (Orc:1)
  Geryon (Hell)
  Xtahua (Crypt:2)
  3 golden dragons
  Nikola (Shoals:1)
  3 bone dragons
  the Enchantress (Depths:3)
  Jory (Crypt:3)
  10 Brimstone Fiends
  7 doom hounds
  8 hellephants
  4 tentacled monstrosities (Vaults:5)
  A walking earthen tome (Depths:3)
  19 Ice Fiends
  2 liches
  A quicksilver dragon (Vaults:5)
  37 acid blobs
  13 titans
  34 searing wretches
  2 deep elf blademasters
  2 deep elf master archers (Elf:3)
  Polyphemus (Shoals:3)
  7 ancient champions
  Murray (Depths:3)
  16 sphinxes
  2 tentacled starspawn (Abyss:3)
  3 storm dragons
  Kirke (D:14)
  4 shadow dragons (Vaults:5)
  The ghost of quik the Eclecticist, an adept VSSu of Hepliaklqana (Vaults:1)
  14 tengu reavers
  A revenant (Crypt:2)
  41 azure jellies
  9 nagarajas
  A fenstrider witch (Shoals:4)
  26 rockslimes
  16 narguns
  25 fire giants
  19 frost giants
  15 vault wardens
  11 deep elf sorcerers
  3 curse skulls
  A spectral caustic shrike (Tar:1)
  17 balrugs
  5 ghouls (Crypt:2)
  2 deep elf elementalists (Elf:3)
  2 iron dragons
  8 shard shrike simulacra
  4 orc warlords
  20 ironbound preservers
  9 reapers
  2 draconian stormcallers (Depths:4)
  26 quicksilver oozes
  A war gargoyle (Hell)
  A quicksilver ooze (shapeshifter) (Vaults:5)
  23 very ugly things
  9 stone giants
  4 spriggan defenders
  23 elemental wellsprings
  A caustic shrike skeleton (Crypt:1)
  A rockslime zombie (Crypt:3)
  8 ironbound thunderhulks
  3 deep elf demonologists
  A lorocyproca (Depths:2)
  21 vampire knights
  A spectral titan (Tar:2)
  13 deep elf annihilators
  3 putrid mouths
  5 spark wasps
  2 bennus (Tomb:1)
  19 wendigos
  13 dire elephants
  A black draconian (Depths:4)
  2 purple draconians
  3 red draconians (Depths:4)
  9 eidola
  An iron golem (Dis:1)
  A blizzard demon (Coc:1)
  12 ettins
  2 mummy priests (Tomb:1)
  A crystal guardian (Vaults:4)
  A green death (Hell)
  3 deep elf death magi (Elf:3)
  Josephine (D:13)
  15 merfolk impalers
  3 entropy weavers (Vaults:3)
  13 fire dragons
  3 merfolk javelineers
  Snorg (Orc:2)
  A spriggan zombie (Hell)
  11 yaktaur captains
  A fenstrider witch zombie (Crypt:3)
  A fire dragon (shapeshifter) (Vaults:5)
  11 jiangshi
  8 deep elf high priests
  3 rakshasas
  6 ice dragons
  12 great orbs of eyes
  A hell beast (Coc:1)
  5 salamander tyrants
  5 ogre magi
  14 hydras
  7 catoblepae
  8 juggernaut simulacra
  The ghost of qborf the Destroyer, a journeyman DsCj of Gozag (D:10)
  4 peacekeepers
  8 spriggan air magi
  31 vault guards
  2 merfolk avatars
  2 spriggan skeletons
  9 caustic shrike simulacra
  8 boulder beetles
  8 anacondas
  9 centaur warriors
  4 death knights
  2 alligator snapping turtles (Shoals:4)
  An alligator (Lair:1)
  16 ironbound frosthearts
  4 tengu warriors
  32 dancing weapons
  11 stokers
  6 deep troll shamans
  2 merfolk aquamancers (Shoals:4)
  21 death yaks
  6 deep troll earth magi
  11 vampire magi
  14 two-headed ogres
  4 satyrs
  An azure jelly zombie (Crypt:2)
  19 hell hogs
  17 naga warriors
  8 spriggan berserkers
  2 titan zombies
  3 orc high priests (Orc:2)
  15 deep elf knights
  14 naga sharpshooters
  5 shock serpents
  12 hell knights
  A quicksilver ooze zombie (Crypt:3)
  5 sun demons
  3 skysharks
  7 soul eaters
  A fire crab (Lair:1)
  6 iron trolls
  4 storm dragon zombies
  3 spectral bunyips
  45 skeletal warriors
  5 shadow wraiths
  A sixfirhy (Depths:2)
  A spectral anaconda (Tar:1)
  6 salamander mystics
  60 deep trolls
  A skyshark (shapeshifter) (Abyss:3)
  10 sea snakes
  An orb spider (shapeshifter) (D:12)
  5 shadow demons
  A swamp dragon (shapeshifter) (Elf:1)
  Lodul (D:14)
  A bunyip zombie (Crypt:3)
  2 kraken simulacra (Coc:7)
  22 ironbound convokers
  A glowing orange brain (Slime:1)
  3 flayed ghosts
  6 naga ritualists
  8 quicksilver dragon simulacra
  3 anaconda zombies
  2 spriggan simulacra
  An orange crystal statue (Elf:1)
  A tengu zombie (Crypt:3)
  6 golden dragon zombies (Crypt:3)
  A fenstrider witch simulacrum (Crypt:2)
  3 wizards
  12 deep elf archers
  17 orc knights
  A harpy (shapeshifter) (Vaults:5)
  15 harpies
  A bunyip skeleton (Crypt:1)
  A lindwurm (shapeshifter) (Vaults:5)
  8 mana vipers
  34 deep elf pyromancers
  10 lindwurms
  6 orc sorcerers
  A fire giant zombie (Crypt:2)
  22 phantasmal warriors
  20 deep elf zephyrmancers
  A spectral ettin (Tar:1)
  A mana viper (shapeshifter) (Elf:3)
  9 cyclopes
  11 necromancers
  18 ugly things
  An iron dragon zombie (Crypt:2)
  16 manticores
  4 shining eyes
  5 oklob plants
  10 fauns
  5 elephants (Lair:5)
  2 large abominations (Abyss:3)
  16 salamanders
  A dire elephant zombie (Crypt:1)
  2 titan simulacra
  3 ice statues
  22 black mambas
  A fire giant skeleton (Crypt:3)
  9 merfolk sirens
  4 torpor snails
  21 vault sentinels
  Maurice (Orc:2)
  17 naga magi
  3 water nymphs
  5 rust devils
  An apocalypse crab (Abyss:3)
  2 guardian serpents
  15 cane toads
  5 unseen horrors
  2 smoke demons
  A torpor snail (shapeshifter) (Vaults:3)
  An alligator snapping turtle skeleton (Crypt:2)
  A black draconian zombie (Crypt:3)
  A centaur skeleton (Tomb:1)
  2 kobold demonologists
  2 catoblepas zombies
  2 minotaur zombies
  10 freezing wraiths
  14 komodo dragons
  9 hellions
  2 bunyip simulacra
  6 rime drakes
  3 eyes of devastation (Slime:5)
  25 yaktaurs
  A yaktaur (shapeshifter) (Elf:3)
  3 spectral nagas
  An anaconda simulacrum (Coc:7)
  A grey draconian skeleton (Crypt:1)
  4 ice devils
  A yellow draconian skeleton (Crypt:3)
  12 tormentors
  6 guardian mummies
  4 iron giant simulacra
  An orb spider zombie (Crypt:2)
  A death drake zombie (Crypt:3)
  2 golden dragon simulacra
  A red draconian skeleton (Crypt:3)
  A harpy zombie (Crypt:3)
  7 trolls
  26 merfolk
  A polar bear (shapeshifter) (D:13)
  3 wind drakes
  4 polar bears
  A queen bee (shapeshifter) (Depths:3)
  A shadow dragon simulacrum (Hell)
  5 hornets
  An iron dragon simulacrum (Coc:7)
  23 blink frogs
  7 snapping turtles
  4 raiju (Abyss:3)
  A dream sheep (shapeshifter) (Vaults:5)
  A jumping spider zombie (Crypt:1)
  5 dream sheep
  A fire dragon zombie (Crypt:1)
  Sigmund (D:7)
  58 slime creatures
  5 flying skulls
  An ettin zombie (Crypt:3)
  9 water elementals
  A spriggan (Depths:3)
  A stone giant simulacrum (Coc:2)
  4 air elementals
  A jumping spider (Vaults:3)
  A tarantella zombie (Crypt:2)
  A centaur simulacrum (D:14)
  6 hogs
  19 vampires
  4 starcursed masses (Abyss:3)
  A human (D:11)
  A wyvern (shapeshifter) (Vaults:5)
  2 dire elephant simulacra
  92 yaks
  9 wraiths
  A fire elemental (Elf:3)
  7 golden eyes
  2 neqoxecs
  5 wyverns
  An alligator snapping turtle simulacrum (Coc:3)
  A black mamba skeleton (Crypt:3)
  Grum (D:9)
  A chaos spawn (Abyss:3)
  5 basilisks
  5 steam dragons
  A redback (Vaults:3)
  Edmund (D:7)
  3 wargs
  A deep troll zombie (Crypt:3)
  18 harpy simulacra
  53 nagas
  2 acid dragons
  15 water moccasins
  3 hydra simulacra
  3 hell hounds
  Duvessa (D:4)
  3 floating eyes
  A swamp drake (shapeshifter) (Vaults:5)
  4 ice beasts
  A sky beast (D:6)
  A meliai simulacrum (D:14)
  26 orc warriors
  5 black bears
  22 ogres
  7 ettin simulacra
  A torpor snail zombie (Crypt:1)
  15 wolves
  2 boggarts (Vaults:2)
  13 centaurs
  A small abomination (Abyss:3)
  A phantom (D:5)
  3 kobold brigands
  Blork the orc (D:4)
  2 scorpions
  5 earth elementals
  15 bullfrogs
  2 gnoll sergeants
  3 necrophages (Crypt:2)
  3 naga simulacra
  A wight (Abyss:3)
  2 hornet simulacra (D:14)
  Dowan (D:4)
  A shapeshifter zombie (Crypt:3)
  A lindwurm simulacrum (IceCv)
  13 killer bees
  A shapeshifter skeleton (Crypt:2)
  A raiju skeleton (Crypt:1)
  A vampire bat (Orc:2)
  4 electric eels
  A howler monkey (D:5)
  A wolf skeleton (Crypt:1)
  5 komodo dragon simulacra (IceCv)
  5 hounds
  5 jellies
  Crazy Yiuf (D:2)
  3 gnoll boudas
  18 orc priests
  A sleepcap (D:5)
  9 iguanas
  6 hell rats
  17 orc wizards
  A deep dwarf zombie (Crypt:2)
  3 mummies (Tomb:1)
  A boggart simulacrum (D:14)
  33 gnolls
  A howler monkey skeleton (Crypt:1)
  5 acid dragon simulacra (IceCv)
  10 adders
  6 river rats (Sewer)
  A swamp drake skeleton (Crypt:3)
  A shadow imp (D:6)
  20 white imps
  4 ufetubi
  4 steam dragon simulacra (IceCv)
  2 worms (D:3)
  64 orcs
  5 ball pythons
  15 bats
  3 bat zombies (D:6)
  4 endoplasms
  4 giant cockroaches
  12 goblins
  15 hobgoblins
  2 jackals (Sewer)
  2 quokkas
  11 frilled lizards
  14 kobolds
  6 rats
  2 rat zombies (D:6)
  A butterfly (Lair:5)
  8 creeping infernos
  33 fire vortices
  A lurking horror (Abyss:3)
  2 tentacles (Coc:7)
2790 creatures vanquished.

Vanquished Creatures (collateral kills)
  3 Ice Fiends (Coc:6)
  A lich (Depths:4)
  A titan (Coc:6)
  A quicksilver ooze (shapeshifter) (Depths:4)
  2 elemental wellsprings (Coc:6)
  2 spark wasps (Depths:4)
  A fire dragon (Depths:4)
  An ice dragon (Depths:4)
  A juggernaut simulacrum (Coc:6)
  A salamander (Snake:3)
  A naga mage (Snake:3)
  A tengu conjurer (Depths:4)
  A naga (Snake:3)
17 creatures vanquished.

Vanquished Creatures (others)
  A shard shrike (Coc:7)
  A shard shrike simulacrum (Coc:7)
  A caustic shrike simulacrum (Coc:6)
  2 vault guards (Vaults:5)
  A juggernaut simulacrum (Coc:7)
  A stoker (Geh:7)
  A kraken simulacrum (Coc:7)
  3 spriggan simulacra
  A black mamba (Snake:4)
  An anaconda simulacrum (Coc:7)
  An iron giant simulacrum (Coc:7)
  A dire elephant simulacrum (Coc:6)
  3 harpy simulacra
  2 nagas
  2 hydra simulacra
  An orc warrior (Orc:2)
  3 ettin simulacra
  An orc wizard (Orc:2)
  2 orcs (Orc:2)
  A creeping inferno (Geh:7)
  29 fungi
  119 plants
  4 starspawn tentacles (Abyss:3)
  6 tentacles (Coc:7)
188 creatures vanquished.

Grand Total: 2995 creatures vanquished

Notes
Turn   | Place    | Note
-------+----------+-------------------------------------------
     0 | D:1      | Reshi88 the Spriggan Hunter began the quest for the Orb.
     0 | D:1      | Reached XP level 1. HP: 10/10 MP: 2/2
    79 | D:1      | Reached skill level 3 in Dodging
    79 | D:1      | Reached XP level 2. HP: 15/15 MP: 3/3
   723 | D:1      | Found a faded altar of an unknown god.
   936 | D:2      | Reached XP level 3. HP: 18/18 MP: 4/4
  1536 | D:2      | Found a runed translucent door.
  1537 | D:2      | Noticed Crazy Yiuf
  1567 | D:2      | Killed Crazy Yiuf
  1568 | D:2      | Reached XP level 4. HP: 23/23 MP: 5/5
  1661 | D:3      | Reached skill level 5 in Ranged Weapons
  1779 | D:3      | Found Guwke's Armour Emporium.
  1898 | D:3      | Reached skill level 4 in Dodging
  1898 | D:3      | Reached skill level 1 in Evocations
  1903 | D:3      | Reached XP level 5. HP: 26/27 MP: 6/6
  1929 | D:3      | Found a shimmering altar of Xom.
  2192 | D:4      | Noticed a black bear
  2215 | D:4      | Killed a black bear
  2216 | D:4      | Reached XP level 6. HP: 29/32 MP: 7/7
  2279 | D:4      | Found Wesak's Jewellery Shoppe.
  2326 | D:4      | Found a white marble altar of Elyvilon.
  2326 | D:4      | Noticed Dowan
  2329 | D:4      | Killed Dowan
  2476 | D:4      | Reached skill level 5 in Dodging
  2524 | D:4      | Noticed Duvessa
  3055 | D:4      | Killed Duvessa
  3056 | D:4      | Reached XP level 7. HP: 36/36 MP: 8/8
  3098 | D:4      | Noticed Blork the orc
  3118 | D:4      | Killed Blork the orc
  3169 | D:4      | Found Fanongan's Distillery.
  3546 | D:5      | Entered Level 5 of the Dungeon
  3660 | D:5      | Found a glowing drain.
  3703 | Sewer    | Entered a sewer
  3808 | Sewer    | Reached skill level 6 in Dodging
  3944 | Sewer    | Reached XP level 8. HP: 42/42 MP: 9/9
  4380 | D:5      | Found a shadowy altar of Dithmenos.
  4621 | D:5      | Found a snail-covered altar of Cheibriados.
  4810 | D:6      | Reached skill level 5 in Evocations
  4943 | D:6      | Reached skill level 7 in Dodging
  5355 | D:6      | Found an ornate altar of the Wu Jian Council.
  5607 | D:6      | Reached XP level 9. HP: 46/46 MP: 10/10
  5612 | D:6      | Found an ancient bone altar of Kikubaaqudgha.
  6001 | D:7      | Found a staircase to the Ecumenical Temple.
  6009 | Temple   | Entered the Ecumenical Temple
  6197 | Temple   | Became a worshipper of the Shining One
  6236 | D:7      | Found an iron altar of Okawaru.
  6302 | D:7      | Found a stormy altar of Qazlal.
  6318 | D:7      | Found Sulauh's Distillery.
  6327 | D:7      | Bought a potion of curing for 42 gold pieces
  6327 | D:7      | Bought a potion of curing for 42 gold pieces
  6327 | D:7      | Bought a potion of heal wounds for 70 gold pieces
  6394 | D:7      | Found a sacrificial altar of Ru.
  6405 | D:7      | Found a runed translucent gate.
  6405 | D:7      | Found a runed translucent gate.
  6405 | D:7      | Found a runed translucent gate.
  6417 | D:7      | Noticed a spectral unseen horror
  6417 | D:7      | Noticed Arzdou's ghost (novice HOFi)
  6587 | D:7      | Reached skill level 5 in Fighting
  6659 | D:7      | Noticed Edmund
  6666 | D:7      | Killed Edmund
  6667 | D:7      | Reached skill level 8 in Dodging
  6680 | D:7      | Noticed Sigmund
  6682 | D:7      | Killed Sigmund
  6742 | D:7      | Found a hazy altar of Hepliaklqana.
  6882 | D:7      | Identified 2 scrolls of acquirement
  6882 | D:7      | Acquired the +8 shortbow "Zapuir" {freeze, rF++ rC+ rN+++
                  | Int-4}
  6889 | D:7      | Acquired a manual of Dodging
  6920 | D:8      | Found Koties's Lightly-Used Armoury.
  7076 | D:8      | Found a staircase to the Lair.
  7078 | D:8      | Reached * piety under the Shining One
  7083 | D:8      | Reached skill level 9 in Dodging
  7092 | D:8      | Reached skill level 10 in Ranged Weapons
  7100 | D:8      | Reached skill level 1 in Invocations
  7101 | D:8      | Reached XP level 10. HP: 39/52 MP: 11/11
  7562 | D:8      | Noticed a two-headed ogre
  7568 | D:8      | Killed a two-headed ogre
  7569 | D:8      | Reached skill level 10 in Dodging
  7818 | D:9      | Found a flagged portal.
  7840 | D:9      | Reached skill level 11 in Dodging
  7864 | D:9      | Found a blossoming altar of Fedhas.
  7865 | D:9      | Noticed Grum
  7869 | D:9      | Killed Grum
  7918 | Bailey   | Entered a bailey
  8021 | Bailey   | Reached XP level 11. HP: 50/58 MP: 14/14
  8241 | Bailey   | Found an iron altar of Okawaru.
  8241 | Bailey   | Noticed an orc knight
  8311 | Bailey   | Killed an orc knight
  8312 | Bailey   | Reached skill level 12 in Dodging
  8385 | Bailey   | Identified the +4 whip "Worm" {vamp, rPois Int-5 Dex+5}
  8852 | D:9      | Acquired 783 gold pieces
  8862 | D:9      | Learned a level 2 spell: Blink
  8862 | D:9      | Acquired the +3 crown of Dyrovepreva {rElec Int+2 SInv}
  8862 | D:9      | Found the +3 crown of Dyrovepreva {rElec Int+2 SInv}
  8877 | D:10     | Entered Level 10 of the Dungeon
  8882 | D:10     | Learned a level 3 spell: Inner Flame
  8945 | D:10     | Reached ** piety under the Shining One
  8956 | D:10     | Reached skill level 1 in Hexes
  8956 | D:10     | Reached skill level 1 in Translocations
  9036 | D:10     | Found a runed translucent gate.
  9037 | D:10     | Found a runed translucent gate.
  9037 | D:10     | Noticed qborf's ghost (journeyman DsCj)
  9038 | D:10     | Found a runed translucent gate.
  9040 | D:10     | Noticed a ten-headed hydra
  9431 | D:10     | Killed a ten-headed hydra
  9446 | D:10     | Killed qborf's ghost
  9447 | D:10     | Reached skill level 10 in Evocations
  9613 | D:10     | Gained mutation: You are strong-willed. (Will+) [potion of
                  | mutation]
  9626 | D:11     | Noticed a two-headed ogre
  9645 | D:10     | Killed a two-headed ogre
  9646 | D:10     | Reached skill level 13 in Dodging
  9646 | D:10     | Reached skill level 5 in Invocations
  9795 | D:11     | Found a staircase to the Orcish Mines.
 10040 | D:11     | Reached XP level 12. HP: 55/63 MP: 16/16
 10884 | D:12     | Found a gate leading to a gauntlet.
 10902 | D:12     | Reached *** piety under the Shining One
 10922 | D:12     | Found a frozen archway.
 10952 | IceCv    | Entered an ice cave
 10971 | IceCv    | Reached **** piety under the Shining One
 11045 | IceCv    | Reached skill level 5 in Translocations
 11116 | IceCv    | Noticed an ice dragon
 11121 | IceCv    | Reached skill level 1 in Armour
 11148 | IceCv    | Killed an ice dragon
 11156 | IceCv    | Reached ***** piety under the Shining One
 11221 | IceCv    | Identified the ring "Ynuqa" {Ice rCorr Int+2}
 11566 | D:12     | Noticed a two-headed ogre
 11585 | D:12     | Killed a two-headed ogre
 11586 | D:12     | Reached skill level 14 in Dodging
 11994 | D:12     | Reached skill level 5 in Hexes
 12366 | D:13     | Noticed Josephine
 12369 | D:13     | Noticed a centaur warrior
 12383 | D:13     | Killed Josephine
 12403 | D:13     | Killed a centaur warrior
 12585 | D:13     | Noticed a boulder beetle
 12595 | D:13     | Killed a boulder beetle
 12596 | D:13     | Reached skill level 1 in Fire Magic
 12596 | D:13     | Found Taschirr's Jewellery Shop.
 12622 | D:13     | Bought an amulet of reflection for 480 gold pieces
 12712 | D:13     | Noticed a two-headed ogre
 12716 | D:13     | Killed a two-headed ogre
 12746 | D:13     | Noticed a boulder beetle
 12765 | D:13     | Killed a boulder beetle
 12772 | D:13     | Reached XP level 13. HP: 68/68 MP: 18/18
 12772 | D:13     | Found Byxzuse's General Store.
 12787 | D:13     | Bought a condenser vane for 520 gold pieces
 12864 | D:13     | Found Beifamet's Magic Scroll Boutique.
 12938 | D:13     | Found Rubbomek's Magic Scroll Emporium.
 13087 | D:14     | Noticed Kirke
 13278 | D:14     | Killed Kirke
 13279 | D:14     | Reached skill level 15 in Dodging
 13483 | D:14     | Found a viscous altar of Jiyva.
 13623 | D:14     | Noticed Lodul
 13742 | D:14     | Killed Lodul
 15609 | D:14     | Found a gate to the Vaults.
 15865 | Orc:1    | Entered Level 1 of the Orcish Mines
 15974 | Orc:1    | Noticed an orc warlord
 16027 | D:11     | Killed an orc warlord
 16470 | Orc:2    | Entered Level 2 of the Orcish Mines
 16653 | Orc:2    | Noticed Snorg
 16658 | Orc:2    | Killed Snorg
 17741 | Orc:2    | Noticed Maurice
 17746 | Orc:2    | Killed Maurice
 17747 | Orc:2    | Reached skill level 16 in Dodging
 17767 | Orc:2    | Reached ****** piety under the Shining One
 17800 | Orc:2    | Reached XP level 14. HP: 74/74 MP: 20/20
 17899 | Orc:2    | Gained mutation: You have large cloven feet. [a neqoxec]
 17901 | Orc:2    | Gained mutation: Your spells are a little easier to cast,
                  | but a little less powerful. [a neqoxec]
 18117 | Orc:2    | Noticed Saint Roka
 18510 | Orc:1    | Killed Saint Roka
 18817 | Orc:2    | Found a staircase to the Elven Halls.
 18867 | Orc:2    | Found Isy Cutz's Distillery.
 18867 | Orc:2    | Found Leocor's Assorted Antiques.
 18869 | Orc:2    | Found Julit's Jewellery Shoppe.
 18869 | Orc:2    | Found Jidiomus's Distillery.
 18878 | Orc:2    | Bought a potion of heal wounds for 55 gold pieces
 18878 | Orc:2    | Bought a potion of heal wounds for 55 gold pieces
 19220 | Lair:1   | Entered Level 1 of the Lair of Beasts
 20757 | Lair:2   | Reached skill level 17 in Dodging
 20762 | Lair:2   | Reached skill level 15 in Ranged Weapons
 21263 | Lair:2   | You fall into a shaft and drop 1 floor!
 21394 | Lair:2   | Learned a level 4 spell: Cause Fear
 21398 | Lair:2   | Learned a level 3 spell: Confusing Touch
 21400 | Lair:2   | Learned a level 1 spell: Slow
 22392 | Lair:3   | Found a runed translucent gate.
 22392 | Lair:3   | Found a runed translucent gate.
 22392 | Lair:3   | Found a runed translucent gate.
 22397 | Lair:3   | Noticed P0068685's ghost (journeyman MiBe)
 22533 | Lair:3   | Reached XP level 15. HP: 77/79 MP: 16/22
 22672 | Lair:3   | Found a staircase to the Snake Pit.
 22964 | Lair:3   | Found a staircase to the Shoals.
 23378 | Lair:4   | Found a dark tunnel.
 23386 | Volcano  | Entered a volcano
 23683 | Lair:4   | Reached skill level 5 in Fire Magic
 23722 | Lair:4   | Reached skill level 5 in Armour
 24336 | Lair:4   | Reached skill level 18 in Dodging
 24579 | Lair:5   | Entered Level 5 of the Lair of Beasts
 25013 | Lair:5   | Found a staircase to the Slime Pits.
 25014 | Lair:5   | Found a viscous altar of Jiyva.
 26036 | Slime:1  | Entered Level 1 of the Pits of Slime
 26043 | Slime:1  | Noticed an acid blob
 26050 | Slime:1  | Noticed an azure jelly
 26050 | Slime:1  | Noticed a rockslime
 26052 | Slime:1  | Killed an acid blob
 26057 | Slime:1  | Reached XP level 16. HP: 80/84 MP: 23/23
 26222 | Snake:1  | Entered Level 1 of the Snake Pit
 27103 | Snake:1  | Reached skill level 10 in Fighting
 28007 | Snake:2  | Reached skill level 10 in Invocations
 28019 | Snake:2  | Noticed Vashnia
 28350 | Snake:2  | Killed Vashnia
 29000 | Snake:2  | Reached skill level 19 in Dodging
 29512 | Snake:3  | Reached skill level 15 in Evocations
 29843 | Snake:3  | Acquired 423 gold pieces
 29903 | Snake:3  | Reached XP level 17. HP: 90/90 MP: 25/25
 30317 | Snake:4  | Entered Level 4 of the Snake Pit
 33877 | Snake:4  | Got a serpentine rune of Zot
 34589 | Shoals:1 | Entered Level 1 of the Shoals
 34673 | Shoals:1 | Noticed Nikola
 34687 | Shoals:1 | Killed Nikola
 34854 | Shoals:1 | Identified the ring of Devotion {rElec Dex+3 Slay+4}
 34861 | Shoals:1 | Found a radiant altar of Vehumet.
 35584 | Shoals:2 | Identified the +7 dagger of Articulation {vamp, rElec rCorr
                  | Str+3 Dex+4}
 36331 | Shoals:3 | Reached skill level 20 in Dodging
 36383 | Shoals:3 | Noticed Polyphemus
 36483 | Shoals:3 | Identified the +10 war axe "Vinitidd" {protect, rPois
                  | Int+5}
 36619 | Shoals:3 | Identified the +0 plate armour of Zawkut {Drain rPois
                  | rN+++}
 36987 | Shoals:3 | Killed Polyphemus
 37022 | Shoals:4 | Entered Level 4 of the Shoals
 37047 | Shoals:3 | Reached XP level 18. HP: 45/96 MP: 27/27
 40230 | Shoals:4 | Got a barnacled rune of Zot
 40845 | Elf:1    | Entered Level 1 of the Elven Halls
 40846 | Abyss:3  | Cast into level 3 of the Abyss (+1 scimitar of distortion)
 40852 | Abyss:3  | Found a corrupted altar of Lugonu.
 40891 | Abyss:3  | Found a corrupted altar of Lugonu.
 40899 | Abyss:3  | Found a corrupted altar of Lugonu.
 40899 | Abyss:3  | Found a corrupted altar of Lugonu.
 41347 | Abyss:3  | Noticed a profane servitor
 41384 | Elf:1    | Escaped the Abyss
 41437 | Elf:1    | Found a radiant altar of Vehumet.
 41848 | Elf:1    | Reached skill level 21 in Dodging
 42635 | Elf:1    | Found a gateway to a bazaar.
 42657 | Bazaar   | Entered a bazaar
 42721 | Bazaar   | Found Egoa's Antique Weapon Emporium.
 42727 | Bazaar   | Bought a faintly glowing arbalest for 313 gold pieces
 42727 | Bazaar   | Identified the +10 arbalest of Ewnar {speed, rF+ MP-9 Str+4
                  | Dex+4} (You bought it in a shop in a bazaar)
 42733 | Bazaar   | Found Puloer's Antique Weapon Shoppe.
 42748 | Bazaar   | Found Afya's Antique Armour Shoppe.
 42760 | Bazaar   | Found Qeybeev's Antique Armour Emporium.
 42791 | Bazaar   | Bought a pitted long sword for 280 gold pieces
 42791 | Bazaar   | Identified the +5 long sword "Qalojur" {flame, *Corrode
                  | Int+4} (You bought it in a shop in a bazaar)
 43496 | Elf:1    | Reached XP level 19. HP: 102/102 MP: 19/28
 43705 | Elf:1    | Got the Incunabulum of Damage and Bringing Forth
 43901 | Elf:1    | Found a portal to a secret trove of treasure.
 44397 | Elf:2    | Found a huge runed translucent gate.
 44397 | Elf:2    | Found a huge runed translucent gate.
 44397 | Elf:2    | Found a huge runed translucent gate.
 44397 | Elf:2    | Found a huge runed translucent gate.
 44398 | Elf:2    | Found a huge runed translucent gate.
 46021 | Elf:2    | Identified the +0 leather armour "Legeumiw" {Regen+}
 46116 | Elf:3    | Entered Level 3 of the Elven Halls
 47227 | Elf:3    | Identified the +5 glaive of Untruth {flame, Drain Dex+6}
 47684 | Elf:3    | Identified the +8 dagger of Parts Unknown {venom, Drain
                  | rElec rPois Str+10 Stlth-}
 47684 | Elf:3    | Identified the ring of Coronation {rElec rCorr AC+4}
 47713 | Elf:3    | Reached skill level 10 in Armour
 47713 | Elf:3    | Reached skill level 22 in Dodging
 49190 | Elf:3    | Identified the +2 ring mail of Ennui {rPois}
 50459 | Elf:3    | Got Sif Muna's Tome of the Charnel Xenotype
 50526 | Elf:3    | Identified the +6 sling of the Bedazzling Priest {elec,
                  | rCorr Str+2}
 50600 | Elf:3    | Identified the staff of death "Xizesotz" {rN+ Stlth+}
 51190 | Lair:5   | Learned a level 1 spell: Sting
 51195 | Lair:5   | Learned a level 4 spell: Olgreb's Toxic Radiance
 51330 | Slime:1  | Reached skill level 1 in Poison Magic
 51938 | Slime:2  | Reached XP level 20. HP: 108/109 MP: 20/29
 52537 | Slime:2  | Gained mutation: You sometimes lose your temper in combat.
                  | [a shining eye]
 52945 | Slime:3  | Gained mutation: You do not regenerate when monsters are
                  | visible. [a shining eye]
 52955 | Slime:2  | Gained mutation: You are clumsy. (Dex -2) [a shining eye]
 54100 | Slime:4  | Reached skill level 5 in Poison Magic
 55024 | Slime:5  | Entered Level 5 of the Pits of Slime
 55647 | Slime:5  | Reached skill level 23 in Dodging
 55694 | Slime:5  | Noticed the Royal Jelly
 57361 | Slime:5  | Found a viscous altar of Jiyva.
 59965 | Slime:5  | Killed the Royal Jelly
 61581 | Slime:5  | Identified the ring of Wenal {Fly rF+ Will- MP+9}
 61611 | Slime:5  | Identified the +4 hand axe "Biocw" {drain, rPois Will+++
                  | Str+4 Stlth-}
 61623 | Slime:5  | Got the Spellbook of the Door
 61625 | Slime:5  | Identified the staff of air "Hususan" {Contam rElec rN+
                  | Will+ Dex+3}
 61646 | Slime:5  | Identified the +9 long sword of Guilt {antimagic, SInv}
 61708 | Slime:5  | Got a slimy rune of Zot
 61716 | Slime:5  | Identified the +0 pair of gloves "Vovuzoll" {-Cast Regen+
                  | Stlth+}
 62055 | Orc:2    | Bought 2 potions of curing for 84 gold pieces
 62055 | Orc:2    | Bought a potion of curing for 42 gold pieces
 62055 | Orc:2    | Bought a potion of curing for 42 gold pieces
 62055 | Orc:2    | Bought a potion of curing for 42 gold pieces
 62055 | Orc:2    | Bought 2 potions of mutation for 224 gold pieces
 62058 | Orc:2    | Bought a potion of mutation for 88 gold pieces
 62060 | Orc:2    | Bought a scroll of teleportation for 114 gold pieces
 62060 | Orc:2    | Bought a potion of curing for 114 gold pieces
 62060 | Orc:2    | Bought a scroll of teleportation for 114 gold pieces
 62060 | Orc:2    | Lost mutation: You do not regenerate when monsters are
                  | visible. [potion of mutation]
 62060 | Orc:2    | Lost mutation: You have large cloven feet. [potion of
                  | mutation]
 62060 | Orc:2    | Gained mutation: You are very clumsy. (Dex -4) [potion of
                  | mutation]
 62061 | Orc:2    | Lost mutation: You are strong-willed. (Will+) [potion of
                  | mutation]
 62061 | Orc:2    | Lost mutation: Your spells are a little easier to cast, but
                  | a little less powerful. [potion of mutation]
 62061 | Orc:2    | Gained mutation: You occasionally lose the ability to read
                  | scrolls when taking damage. [potion of mutation]
 62061 | Orc:2    | Gained mutation: You are robust. (+10% HP) [potion of
                  | mutation]
 62061 | Orc:2    | Gained mutation: You have large cloven feet. [potion of
                  | mutation]
 62062 | Orc:2    | Lost mutation: You are very clumsy. (Dex -4) [potion of
                  | mutation]
 62062 | Orc:2    | Lost mutation: You have large cloven feet. [potion of
                  | mutation]
 62062 | Orc:2    | Lost mutation: You occasionally lose the ability to read
                  | scrolls when taking damage. [potion of mutation]
 62062 | Orc:2    | Gained mutation: You are very robust. (+20% HP) [potion of
                  | mutation]
 62062 | Orc:2    | Gained mutation: You have hidden genetic potential. [potion
                  | of mutation]
 62063 | Orc:2    | Lost mutation: You sometimes lose your temper in combat.
                  | [potion of mutation]
 62063 | Orc:2    | Lost mutation: You are very robust. (+20% HP) [potion of
                  | mutation]
 62063 | Orc:2    | Lost mutation: You are clumsy. (Dex -2) [potion of
                  | mutation]
 62063 | Orc:2    | Gained mutation: You are strong-willed. (Will+) [potion of
                  | mutation]
 62338 | D:15     | Entered Level 15 of the Dungeon
 62360 | D:15     | Found a staircase to the Depths.
 63310 | Vaults:1 | Entered Level 1 of the Vaults
 63333 | Vaults:1 | Found a runed translucent door.
 63333 | Vaults:1 | Noticed quik's ghost (adept VSSu)
 64116 | Vaults:1 | Reached XP level 21. HP: 127/127 MP: 21/30
 64943 | Vaults:1 | Killed quik's ghost
 65037 | Vaults:1 | Reached skill level 10 in Poison Magic
 65037 | Vaults:1 | Reached XP level 22. HP: 133/133 MP: 22/31
 65038 | Vaults:1 | Reached skill level 15 in Fighting
 65038 | Vaults:1 | Reached XP level 23. HP: 140/140 MP: 23/32
 65408 | Vaults:2 | Found Nelobelu's Antique Weapon Emporium.
 65524 | Vaults:2 | Found Nurphoanu's Weapon Emporium.
 65758 | Vaults:2 | Reached skill level 24 in Dodging
 65853 | Vaults:2 | Found Soocech's Magic Scroll Shop.
 66073 | Vaults:2 | Found a staircase to the Crypt.
 66218 | Vaults:2 | Gained mutation: You have a pair of small antennae on your
                  | head. [hidden potential]
 67820 | Vaults:3 | Noticed Frederick
 67845 | Vaults:3 | Killed Frederick
 68379 | Vaults:4 | Reached XP level 24. HP: 149/149 MP: 23/32
 68793 | Vaults:4 | Reached skill level 25 in Dodging
 69149 | Vaults:4 | Found Bicynin's Weapon Emporium.
 69152 | Vaults:4 | Identified the ring of the Irksome Guava {rPois Str+2}
 69227 | Vaults:5 | Entered Level 5 of the Vaults
 69678 | Vaults:5 | Noticed an ancient lich
 69688 | Vaults:5 | Gained mutation: You are very robust. (+20% HP) [hidden
                  | potential]
 69688 | Vaults:5 | Lost mutation: You have hidden genetic potential. [hidden
                  | potential expressed]
 69700 | Vaults:5 | Killed an ancient lich
 70564 | D:4      | Bought a potion of curing for 33 gold pieces
 70564 | D:4      | Bought a potion of curing for 33 gold pieces
 70564 | D:4      | Bought a potion of curing for 33 gold pieces
 70564 | D:4      | Bought a potion of curing for 33 gold pieces
 71272 | Vaults:5 | Identified the staff of earth "Letzavoty" {Str+2}
 71307 | Vaults:5 | Identified the +6 scale mail of the Dolphin {rPois Dex+2}
 71429 | Vaults:5 | Reached skill level 26 in Dodging
 72952 | Vaults:5 | Identified the staff of poison "Edarph" {rPois Dex+6 SInv}
 73106 | Vaults:5 | Reached XP level 25. HP: 172/172 MP: 23/32
 73109 | Vaults:5 | Found Puesips's Antique Armour Shop.
 73126 | Vaults:5 | Got a silver rune of Zot
 73194 | Vaults:5 | Identified the staff of cold "Gyca" {rC+ Dex+5}
 73203 | Vaults:5 | Got the Folio of White Virulence
 73263 | Vaults:5 | Identified the staff of fire "Taaf" {rF+ Str+6 Int-5}
 73403 | Vaults:5 | Identified the staff of poison "Lumeuplymow" {rPois Int+3}
 73421 | Vaults:5 | Identified the staff of fire "Sutiaboa" {rPois rF+ rCorr}
 74095 | Vaults:4 | Identified a +5 arbalest of holy wrath (a +3 arbalest
                  | blessed by the Shining One)
 74095 | Vaults:4 | Received a gift from the Shining One
 74291 | Crypt:1  | Entered Level 1 of the Crypt
 74733 | Crypt:1  | Learned a level 3 spell: Ignite Poison
 74873 | Crypt:1  | Reached skill level 1 in Transmutations
 75964 | Crypt:2  | Noticed Xtahua
 75964 | Crypt:2  | Noticed a dread lich
 75972 | Crypt:2  | Killed a dread lich
 75973 | Crypt:2  | Reached skill level 27 in Dodging
 75980 | Crypt:2  | Killed Xtahua
 77291 | Crypt:3  | Entered Level 3 of the Crypt
 77293 | Crypt:3  | Reached skill level 5 in Transmutations
 78331 | Crypt:3  | Noticed Jory
 78340 | Crypt:3  | Killed Jory
 78686 | Crypt:3  | Found a staircase to the Tomb.
 79373 | Crypt:3  | Identified the +3 whip of Ongevo {antimagic, Str+2 Dex+2}
 79490 | Tomb:1   | Entered Level 1 of the Tomb of the Ancients
 79644 | Tomb:1   | Reached XP level 26. HP: 141/181 MP: 24/33
 79808 | Tomb:1   | Noticed Boris
 79817 | Tomb:1   | Killed Boris
 80423 | Tomb:1   | Noticed a royal mummy
 80820 | Depths:1 | Entered Level 1 of the Depths
 80925 | Depths:1 | Found a sparkling altar of Nemelex Xobeh.
 81092 | Depths:1 | Found a gateway to Hell.
 82078 | Depths:2 | Found a one-way gate leading to the halls of Pandemonium.
 82564 | Depths:2 | Noticed Vv
 82583 | Depths:2 | Killed Vv
 82705 | Depths:2 | Noticed a juggernaut
 82872 | Depths:2 | Found a transporter.
 83680 | Depths:3 | Noticed the Enchantress
 83735 | Depths:3 | Killed the Enchantress
 85577 | Depths:3 | Noticed a juggernaut
 85587 | Depths:3 | Killed a juggernaut
 86449 | Depths:3 | Reached skill level 15 in Invocations
 86507 | Depths:3 | Found a one-way gate to the infinite horrors of the Abyss.
 87029 | Depths:4 | Entered Level 4 of the Depths
 88272 | Depths:3 | Reached XP level 27. HP: 109/189 MP: 26/35
 88430 | Depths:4 | Found Maseanwu's Book Shoppe.
 88445 | Depths:4 | Bought a book of the Warp for 966 gold pieces
 88450 | Depths:4 | Learned a level 4 spell: Passage of Golubria
 88468 | Depths:4 | Found Lehumef's Antique Weapon Emporium.
 88592 | Depths:4 | Found an iron altar of Okawaru.
 88614 | Depths:4 | Found Ygrual's Antique Armour Shoppe.
 88670 | Depths:4 | Found a stormy altar of Qazlal.
 88701 | Depths:4 | Found a one-way gateway to a ziggurat.
 88831 | Depths:4 | Found a gate to the Realm of Zot.
 88969 | Depths:4 | Found Cachieno's Antique Armour Shop.
 88974 | Depths:4 | Bought shiny gold dragon scales for 2656 gold pieces
 90798 | Hell     | Entered the Vestibule of Hell
 90798 | Hell     | Noticed Geryon
 90803 | Hell     | Noticed Murray
 91232 | Depths:3 | Killed Murray
 94111 | Hell     | Killed Geryon
 94681 | Hell     | Found a gateway to the Iron City of Dis.
 94713 | Hell     | Found a gateway to the decaying netherworld of Tartarus.
 94776 | Hell     | Found a gateway to the ashen valley of Gehenna.
 94854 | Hell     | Found a gateway to the freezing wastes of Cocytus.
 94945 | Geh:1    | Entered Level 1 of Gehenna
 97779 | Geh:3    | You are sucked into a shaft and drop 3 floors!
 98411 | Geh:7    | Entered Level 7 of Gehenna
 99475 | Geh:7    | Reached skill level 10 in Translocations
101797 | Geh:7    | Found the +13 sceptre of Asmodeus
101797 | Geh:7    | Noticed Asmodeus
102004 | Geh:7    | Identified the +0 pair of gloves "Ufyim" {-Cast rElec
                  | Will++ Stlth+}
102364 | Geh:7    | Killed Asmodeus
102533 | Geh:7    | Got an obsidian rune of Zot
102702 | Dis:1    | Entered Level 1 of the Iron City of Dis
102928 | Coc:1    | Entered Level 1 of Cocytus
104003 | Coc:4    | Gained mutation: Your magical capacity is low. (-10% MP)
                  | [mutagenic glow]
104058 | Coc:4    | Gained mutation: Your spells are a little easier to cast,
                  | but a little less powerful. [mutagenic glow]
104351 | Coc:5    | Noticed a dread lich
104375 | Coc:5    | HP: 9/193 [balrug/fireball[a dread lich] (12)]
104382 | Coc:5    | HP: 9/193 [balrug/+1 demon whip of venom[a dread lich] (9)]
104387 | Coc:5    | HP: 8/193 [poisoned by a balrug]
104410 | Coc:5    | Killed a dread lich
104640 | Coc:6    | The Shining One protects you from harm!
104757 | Coc:7    | Entered Level 7 of Cocytus
105635 | Coc:7    | Noticed an ancient lich
108611 | Coc:7    | Killed an ancient lich
111350 | Coc:7    | Noticed Antaeus
111828 | Coc:7    | Found the +8 autumn katana {manifold assault}
111832 | Coc:7    | Identified the ring "Ruin" {Fire Will+ rCorr Int+2 Dex+4}
112311 | Coc:7    | Killed Antaeus
112312 | Coc:7    | Reached skill level 1 in Long Blades
112414 | Coc:7    | Got an icy rune of Zot
112809 | Tar:1    | Entered Level 1 of Tartarus
114079 | Tar:2    | HP: 2/195 [poisoned by a putrid mouth]
114079 | Tar:2    | Slain by a doom hound

Illustrated notes

Levels and vault maps discovered:
D:1:      amcnicky_arrival_flooded_fountain, layout_basic,
          dreamdust_ecumenical_altar_angels_and_demons
D:2:      layout_loops_ring, minmay_misc_feat_encased, uniq_crazy_yiuf_cottage
D:3:      layout_rooms, mainiacjoe_overflow_alcove_1, serial_shops,
          nicolae_shop_waterfront
D:4:      layout_basic, elyvilon_altar_5, serial_shops, shop_fountains,
          kennysheep_little_box, uniq_blork_the_orc, uniq_duvessa
D:5:      layout_basic, nicolae_dithmenos_shadow_blocks,
          mainiacjoe_overflow_brackets, gup_sewer_entry_glass
D:6:      layout_basic, lemuel_zombie_altar_kikubaaqudgha, marbit_many_paths
D:7:      hellmonk_ruined_rings, layout_cave_pools,
          mainiacjoe_overflow_tiny_flanked, nicolae_overflow_crystal_walls,
          nicolae_hepliaklqana_hippocampus, mainiacjoe_overflow_boulevard,
          temple_statues, serial_shops, nicolae_lakefront_shop,
          gammafunk_ghost_necromancy, sigmund_edmund_badplayer
D:8:      layout_basic, lair_entry_dummy, serial_bayou_pond_d,
          minmay_shop_damaged
D:9:      layout_rooms, mainiacjoe_overflow_concentric_impassable,
          enter_bailey_8, minmay_lizard_king, uniq_grum
D:10:     layout_cave_pools, gammafunk_ghost_hydra_chop
D:11:     layout_loops_ring, erik_orc_4
D:12:     layout_stronghold, gauntlet_entry_generic, portal_ice_cave_entry_imps
D:13:     layout_cave_pods, serial_shops, shop, shop_statue,
          nicolae_shop_statue_plus, kennysheep_mini_moat, lemuel_flamethrower_3,
          uniq_josephine
D:14:     layout_stronghold, hangedman_vaults_entry_quadrant_bands, serial_ice,
          serial_ice_i, serial_ice_c, serial_ice_d, serial_ice_o, serial_ice_h,
          serial_ice_n, minmay_staircase_statues_hall_small, jiyva_altar_1,
          uniq_kirke, uniq_lodul
D:15:     grunt_enter_depths_giant_problem, layout_gridville,
          corexii_corridor_pit
Temple:   chequers_temple_sunken
Lair:1:   minmay_lair_oklob_tunnel, layout_regular_city,
          nicolae_lair_lakeside_cave
Lair:2:   layout_cellular_growth, beast_lair_carwin_11, grunt_megastairs_5,
          serial_bayou_shore_a
Lair:3:   layout_gridlike, minmay_shoals_entry_lonely_mermaid,
          minmay_snake_entry_guardpost_large, gammafunk_ghost_split,
          beast_lair_carwin_1, infiniplex_staircase_pool, lemuel_fruit_tree,
          serial_bayou_shore_b, serial_bayou_shore_b
Lair:4:   layout_roguey, enter_volcano_1, chequers_serial_rivers_small_b,
          ldierk_geyser, grunt_megastairs_4
Lair:5:   evilmike_catoblepas_cave, layout_hall_layers, slime_entry_1,
          grunt_megastairs_2, lemuel_fruit_fields, infiniplex_staircase_pool_2
Shoals:1: layout_shoals, lemuel_oklob_altar, uniq_nikola
Shoals:2: layout_shoals, nicolae_shoals_arrival_archipelago
Shoals:3: layout_shoals, nicolae_shoals_lost_giant_amphitheater, uniq_polyphemus
Shoals:4: shoals_end_grunt_ice, layout_shoals,
          nicolae_shoals_beach_house_on_fowls_legs
Snake:1:  layout_grid_maze
Snake:2:  layout_onion, uniq_vashnia
Snake:3:  layout_layer_cave, special_room
Snake:4:  minmay_snake_end_coiled, layout_cave_town, drop_trap,
          nrook_loot_triangle
Slime:1:  layout_caves
Slime:2:  layout_caves
Slime:3:  layout_caves
Slime:4:  layout_caves
Slime:5
Orc:1:    layout_diamond_mine, nicolae_orc_tapped_out
Orc:2:    grunt_orc_tribal_feast, layout_caves, roderic_batcave, uniq_maurice,
          uniq_saint_roka, uniq_snorg
Elf:1:    hangedman_cross_veins, layout_geoelf_octagon,
          nicolae_trove_entry_path_of_doom, serial_shops, statue_bzr,
          minmay_elf_sorcery, david_defended_altar_elf
Elf:2:    elven_hall_of_blades_hangedman_alternative
          [infiniplex_blade_entry_pillars], layout_geoelf_octagon, serial_glass,
          glass_columns_a, glass_columns_c, minmay_misc_feat_ornament
Elf:3:    minmay_elf_hall_spiked, layout_onion_city
Vaults:1: ebering_ghost_inner_flame, st_lattice, vaults_mumra_chevron,
          v_pattern_1, hangedman_vaults_variations, vaults_room_door_hall,
          ontoclasm_vaults_eye, nicolae_vaults_border_crossing,
          grunt_vaults_hallway_short, vaults_room_semicircle,
          layout_vaults_omnigrid
Vaults:2: v_pattern_2, minmay_crypt_entry_simple_statues,
          nicolae_vaults_display_case, vaults_room_grunt_arrival_ludios,
          nicolae_vaults_hallways_thing, nicolae_vaults_inception_statues,
          v_misc_11, ontoclasm_vaults_pinch, v_misc_5, v_misc_26,
          hangedman_vaults_slither, vaults_dpeg_encased_lava,
          vaults_room_large_hall, vaults_dpeg_diagonal, vaults_room_semicircle,
          grunt_vaults_diagonal, layout_vaults_maze, serial_shops,
          nicolae_shop_stone, nicolae_diamond_shop, shop
Vaults:3: v_alt_pattern_5, vaults_room_octagon, v_misc_22, v_misc_16,
          sword_in_stone, nicolae_vaults_network_periphery, v_misc_25,
          nicolae_vaults_little_squares_6, ontoclasm_vaults_ligature,
          nicolae_vaults_little_squares_6, vaults_room_pool, v_misc_14,
          nicolae_vaults_little_squares_2, grunt_vaults_trifunnel,
          layout_vaults_omnicross
Vaults:4: vaults_room_semicircle, grunt_vaults_funnel, vaults_standard_mumra_x,
          nicolae_vaults_network_s, nicolae_vaults_little_squares_3,
          v_alt_pattern_6, nicolae_vaults_alarming, vaults_room_fours,
          ontoclasm_vaults_shuriken, vaults_room_pools, layout_vaults_omnibox,
          serial_shops, shop_statue
Vaults:5
Crypt:1:  layout_regular_city, evilmike_ambush [evilmike_ambush_outer_basic,
          evilmike_ambush_inner_pond]
Crypt:2:  layout_basic, hangedman_batty, uniq_josephina, uniq_xtahua,
          uniq_frederick
Crypt:3:  due_elkab, layout_chaotic_city, nicolae_tomb_entry_rubble_hallway
Tomb:1:   uniq_boris
Depths:1: layout_basic, hellmouth_1, special_room [special_room_mythical_zoo],
          basic_altar, kennysheep_just_a_vault
Depths:2: emtedronai_trogs_sanctum, layout_gridlike, rand_demon_pan_entry_3,
          hell_entry, grunt_decor_mini_mirrors, uniq_vv
Depths:3: minmay_the_grid_4x2 [minmay_the_grid_small_cups,
          minmay_the_grid_gridbox, minmay_the_grid_holed_spiral,
          minmay_the_grid_box_x, minmay_the_grid_airy,
          minmay_the_grid_minigrid_medium, minmay_the_grid_rooms,
          minmay_the_grid_prize_big_room], layout_honeycomb,
          hangedman_abyss_or_decor_stagger, hangedman_abyss_entry_splay,
          rand_demon_pan_entry_9, hell_entry, lemuel_nasty_fountain,
          uniq_enchantress
Depths:4: grunt_x_marks_the_spot, layout_gridlike, enter_ziggurat_f,
          serial_shops, shop, nicolae_shop_waterfront,
          nicolae_shop_hallway_plus, nicolae_diamond_shop, okawaru_trees_1,
          hell_entry, nicolae_qazlal_scattered_showers, uniq_grunn
Hell
Dis:1:    layout_gridville
Geh:1:    layout_gehenna_lava_caves
Geh:2:    layout_gehenna_lava_caves
Geh:3:    layout_gehenna_lava_caves
Geh:6:    layout_gehenna_pools_triple
Geh:7:    geh_old
Coc:1:    nicolae_hells_demon_pit, layout_cocytus_delve
Coc:2:    layout_cocytus_water_paths
Coc:3:    layout_cocytus_water_paths
Coc:4:    nicolae_hells_giants_party, layout_cocytus_water_paths
Coc:5:    layout_cocytus_delve, nicolae_coc_icebean_singular
          [nicolae_sub_coc_subbean]
Coc:6:    layout_cocytus_water_paths
Coc:7:    coc_hangedman
Tar:1:    layout_honeycomb
Tar:2:    nicolae_tar_honey_stairs, layout_cathedral_of_symmetry

Skill      XL: |  1  2  3  4  5  6  7  8  9 10 11 12 13 14 15 16 17 18 19 20 21 22 23 24 25 26 27 |
---------------+----------------------------------------------------------------------------------+-----
Dodging        | 3 4 5 6 7 9 11 13 14 16 17 18 19 20 21 22 23 24 26 27 | 27.0
Fighting       | 2 3 4 5 6 7 8 9 10 11 12 13 14 15 17 18 19 20 22 | 22.4
Ranged Weapons | 5 6 7 8 10 11 12 13 14 15 16 17 18 19 20 21 23 | 23.8
Evocations     | 1 2 3 4 6 7 9 10 11 12 13 15 16 17 18 19 20 21 23 26 | 26.7
Invocations    | 1 3 5 6 7 8 9 10 11 12 15 18 | 18.4
Hexes          | 3 5 7 8 9 |  9.8
Translocations | 4 5 10 | 10.2
Armour         | 2 3 4 5 6 8 9 10 13 | 13.6
Fire Magic     | 1 3 4 5 8 |  8.4
Poison Magic   | 3 8 10 | 10.5
Transmutations | 6 |  6.4
Long Blades    | 4 |  4.4
Stealth        | |  1.5

Action                     |  1- 3 |  4- 6 |  7- 9 | 10-12 | 13-15 | 16-18 | 19-21 | 22-24 | 25-27 || total
---------------------------+-------+-------+-------+-------+-------+-------+-------+-------+-------++-------
   Fire: Shortbow          |    76 |   121 |   331 |   741 |  1442 |  1777 |       |       |   831 ||  5319
         Arbalest          |       |       |       |       |       |    69 |  1511 |  1121 |  2639 ||  5340
   Cast: Inner Flame       |       |       |       |       |    28 |     5 |       |       |       ||    33
         Cause Fear        |       |       |       |       |       |       |     1 |       |       ||     1
         Olgreb's Toxic Ra |       |       |       |       |       |       |       |    45 |    25 ||    70
         Ignite Poison     |       |       |       |       |       |       |       |       |     9 ||     9
         Blink             |       |       |       |       |       |       |       |       |     2 ||     2
         Passage of Golubr |       |       |       |       |       |       |       |       |     1 ||     1
 Invoke: Divine Shield     |       |       |       |       |       |     1 |       |     1 |     4 ||     6
         Brand Weapon With |       |       |       |       |       |       |       |       |     1 ||     1
         Cleansing Flame   |       |       |       |       |       |       |       |       |    24 ||    24
         Summon Divine War |       |       |       |       |       |       |       |       |     1 ||     1
  Evoke: Wand              |       |     1 |       |     2 |     4 |     3 |     7 |       |    59 ||    76
         Condenser vane    |       |       |       |       |       |     2 |     2 |     1 |    13 ||    18
         Box of beasts     |       |       |       |       |       |     1 |       |       |     1 ||     2
         Phial of floods   |       |       |       |       |       |       |       |       |     4 ||     4
    Use: Potion            |       |     2 |     1 |     8 |     1 |    12 |     6 |    11 |    18 ||    59
         Scroll            |       |       |    15 |    11 |     7 |    11 |     1 |    10 |    20 ||    75
 Armour: Robe              |     2 |       |     9 |       |       |       |       |       |       ||    11
         Steam dragon scal |       |       |       |     3 |       |       |       |       |       ||     3
         Troll leather arm |       |       |       |    11 |    28 |    26 |     3 |    34 |    19 ||   121
         Acid dragon scale |       |       |       |       |       |     1 |    46 |       |    97 ||   144
  Dodge: Dodged            |    10 |    32 |    89 |   331 |   370 |   687 |   598 |   649 |  2046 ||  4812
  Block: Other             |       |       |       |     4 |    32 |   105 |    73 |   117 |   128 ||   459
         Reflection        |       |       |       |       |     4 |    31 |     9 |     7 |     3 ||    54

Table legend: (Time is in decaauts)
 A = Elapsed time spent in this place.
 B = Non-inter-level travel time spent in this place.
 C = Inter-level travel time spent in this place.
 D = Time resting spent in this place.
 E = Time spent auto-exploring this place.
 F = Levels seen in this place.
 G = Mean time per level.
                   A        B        C        D        E       F      G
               +--------+--------+--------+--------+--------+-----+--------+
         Total |  92758 |  86943 |   5815 |  49926 |  18537 |  74 | 1253.5 |
       Dungeon |  12273 |  10341 |   1932 |   1905 |   5382 |  15 |  818.2 |
        Temple |    186 |    164 |     22 |      0 |    157 |   1 |  186.0 |
          Lair |   5451 |   5076 |    375 |   1687 |   2024 |   5 | 1090.2 |
        Shoals |   5223 |   5046 |    177 |   2807 |   1311 |   4 | 1305.8 |
     Snake Pit |   6431 |   6099 |    332 |   3383 |    838 |   4 | 1607.8 |
    Slime Pits |   9151 |   8840 |    311 |   6387 |    420 |   5 | 1830.2 |
  Orcish Mines |   2988 |   2588 |    400 |   1650 |    473 |   2 | 1494.0 |
   Elven Halls |   8178 |   7886 |    292 |   5898 |    941 |   3 | 2726.0 |
        Vaults |   7649 |   6585 |   1064 |   2451 |   2627 |   5 | 1529.8 |
         Crypt |   4210 |   4032 |    178 |   1807 |   1220 |   3 | 1403.3 |
          Tomb |    814 |    814 |      0 |    333 |     60 |   1 |  814.0 |
        Depths |  10317 |   9971 |    346 |   7403 |   1395 |   4 | 2579.2 |
          Hell |   1406 |   1305 |    101 |    983 |    130 |   1 | 1406.0 |
           Dis |    129 |    129 |      0 |     84 |      0 |   1 |  129.0 |
       Gehenna |   6884 |   6742 |    142 |   5184 |    280 |   5 | 1376.8 |
       Cocytus |   8848 |   8719 |    129 |   7044 |    602 |   7 | 1264.0 |
      Tartarus |    817 |    808 |      9 |    647 |     63 |   2 |  408.5 |
         Abyss |    384 |    384 |      0 |    130 |      0 |   1 |  384.0 |
        Bazaar |    114 |    114 |      0 |      0 |     90 |   1 |  114.0 |
         Sewer |    543 |    543 |      0 |     74 |    387 |   1 |  543.0 |
        Bailey |    350 |    350 |      0 |      0 |    123 |   1 |  350.0 |
      Ice Cave |    289 |    289 |      0 |      0 |      0 |   1 |  289.0 |
       Volcano |    115 |    115 |      0 |     61 |      7 |   1 |  115.0 |
               +--------+--------+--------+--------+--------+-----+--------+

Top non-repeatable levels by time:
   Coc:7: 7259 daAuts
Depths:3: 6289 daAuts
 Slime:5: 4659 daAuts
   Elf:3: 4105 daAuts
   Geh:7: 3732 daAuts
 Snake:4: 3302 daAuts
Shoals:4: 3220 daAuts
    D:14: 2537 daAuts
   Orc:2: 2266 daAuts
Vaults:5: 2233 daAuts
   Elf:1: 2177 daAuts
 Crypt:3: 1918 daAuts
   Elf:2: 1895 daAuts
Depths:4: 1867 daAuts
 Slime:4: 1718 daAuts
